 Dungeon Crawl Stone Soup version 0.28.0-45-g0d030f2227 (console) character file.

Game seed: 3780985058574779731

2555 Zeor the Covert (level 9, -3/42 HPs)
             Began as a Vine Stalker Enchanter on Apr 3, 2022.
             Was a Priest of Wu Jian.
             Slain by a boulder beetle (14 damage)
             ... on level 6 of the Dungeon.
             The game lasted 00:27:02 (6476 turns).

Zeor the Covert (Vine Stalker Enchanter)            Turns: 6476, Time: 00:27:03

Health: -3/42      AC: 11    Str: 11    XL:     9   Next: 56%
Magic:  0/28       EV: 14    Int: 19    God:    Wu Jian [***...]
Gold:   192        SH:  0    Dex: 25    Spells: 5/20 levels left

rFire   . . .      SeeInvis .   a - +6 morningstar {protect, Will+ MP+9 Dex+10 Stlth+}
rCold   + . .      Faith    .   (no shield)
rNeg    . . .      Spirit   +   o - +1 robe
rPois   +          Reflect  .   d - +0 helmet
rElec   .          Harm     .   i - scarf {+Inv}
rCorr   .          Rampage  .   (no gloves)
Will    ++...                   (no boots)
Stlth   +++++.....              (no amulet)
HPRegen 0.94/turn               h - ring of protection from cold
MPRegen 0.21/turn               q - ring of poison resistance

@: confusing by touch, under a protective aura, invisible
A: fangs 3, regeneration 1, magic shield, antimagic bite, no potion heal 2
a: Renounce Religion, Evoke Invisibility, Wall Jump, Serpent's Lash


You were on level 6 of the Dungeon.
You worshipped Wu Jian.
Wu Jian was most pleased with you.
You visited 1 branch of the dungeon, and saw 6 of its levels.
You also visited: Sewer and Ossuary.

You collected 285 gold pieces.
You spent 93 gold pieces at shops.

Inventory:

Hand Weapons
 a - the +6 morningstar of Circularity (weapon) {protect, Will+ MP+9 Dex+10 Stlth+}
   (You found it on level 6 of the Dungeon)

   It grants its wielder temporary protection when it strikes (+7 to AC).
   Dex:       It affects your dexterity (+10).
   MP:        It affects your magic capacity (+9).
   Will:      It increases your willpower.
   Stlth:     It makes you more stealthy.
 b - a +3 vorpal dagger
 m - the +4 quarterstaff "Zeiquf" {flame, rC+ rN+}
   (You found it on level 4 of the Dungeon)

   It burns those it strikes, dealing additional fire damage.
   rC:        It protects you from cold.
   rN:        It protects you from negative energy.
 s - a +0 short sword of speed
 y - a +1 rapier of flaming
Missiles
 e - 47 arrows
 k - 20 poisoned darts (quivered)
 z - 22 bolts
Armour
 d - a +0 helmet (worn)
 i - a scarf of invisibility (worn)
 o - a +1 robe (worn)
Jewellery
 h - a ring of protection from cold (left hand)
 l - a ring of ice
 p - a ring of protection from fire
 q - a ring of poison resistance (right hand)
 w - a ring of protection from fire
Wands
 r - a wand of paralysis (8)
Scrolls
 j - a scroll of immolation
Potions
 c - a potion of ambrosia
 f - 5 potions of mutation
 g - 2 potions of flight
 n - a potion of curing
 t - 2 potions of cancellation
 u - a potion of brilliance
 v - 2 potions of invisibility
 x - a potion of haste
Miscellaneous
 B - a phial of floods


   Skills:
 + Level 1.8 Fighting
 * Level 4.2 Short Blades
 * Level 3.1 Maces & Flails
 * Level 3.0 Dodging
 + Level 8.1 Stealth
 * Level 6.4 Spellcasting
 + Level 4.7 Hexes
 + Level 2.1 Ice Magic
 * Level 4.0 Evocations


You had 5 spell levels left.
You knew the following spells:

 Your Spells              Type           Power      Damage    Failure   Level
a - Ensorcelled Hibernat  Hex/Ice        38%        N/A       4%          2
b - Confusing Touch       Hex            23%        N/A       4%          3
c - Tukima's Dance        Hex            23%        N/A       4%          3
d - Dazzling Flash        Conj/Hex       30%        N/A       12%         3
e - Anguish               Hex/Necr       7%         N/A       38%         4

Your spell library contained the following spells:

 Spells                   Type           Power      Damage    Failure   Level
 Animate Skeleton         Necr           12%        N/A       11%         1
 Apportation              Tloc           12%        N/A       11%         1
 Sting                    Tmut/Pois      24%        1d4       11%         1
 Summon Small Mammal      Summ           24%        N/A       11%         1
 Poisonous Vapours        Pois/Air       12%        N/A       16%         2
 Spider Form              Tmut/Pois      6%         N/A       32%         3
 Olgreb's Toxic Radiance  Pois           6%         N/A       71%         4
 Ozocubu's Refrigeration  Ice            7%         4d6       100%        7
 Ignition                 Fire           3%         3d4       100%        8


Dungeon Overview and Level Annotations

Branches:
Dungeon (6/15)             Temple (0/1) D:5           Sewer (visited)
Ossuary (visited)

Altars:
Ashenzari
Dithmenos
Gozag
Kikubaaqudgha
Ru
Sif Muna
Wu Jian
The Shining One

Shops:
D:3 *

Annotations:
D:3 exclusion: water moccasin
D:5 exclusion: centaur
D:6 4 runed translucent doors, exclusion: door


Innate Abilities, Weirdness & Mutations

You have razor-sharp teeth.
Your natural rate of healing is unusually fast.
When hurt, damage is shared between your health and your magic reserves.
Your bite disrupts and absorbs the magic of your enemies.
Potions cannot restore your health.


Message History

You bite the orc warrior. You drain its power.
You feel invigorated.
The orc warrior is moderately wounded.
The orc warrior hits you with a +0 mace.
* * * LOW HITPOINT WARNING * * *
The orc wizard casts a spell.
The orc wizard flickers and vanishes!
You hit the orc warrior but do no damage.
You bite the orc warrior, but do no damage.
The orc warrior is moderately wounded.
The orc warrior hits you with a +0 mace.
* * * LOW HITPOINT WARNING * * *
You barely miss the orc warrior.
The orc warrior is moderately wounded.
The orc warrior hits you with a +0 mace!
* * * LOW HITPOINT WARNING * * *
The orc warrior hits you with a +0 mace.
As you read the scroll of teleportation, it crumbles to dust.
You feel strangely unstable. The orc warrior barely misses you.
You hit the orc warrior but do no damage.
The orc warrior appears confused.
Your bite misses the orc warrior.
The orc warrior is moderately wounded.
The orc warrior gestures wildly.
The orc warrior hits you with a +0 mace.
* * * LOW HITPOINT WARNING * * *
Your surroundings suddenly seem different.
A boulder beetle and an orc come into view.
Found 15 arrows and a book of Callings.
A wyvern zombie comes into view.
Okay, then.
You fade into invisibility!
You catch the helpless wyvern zombie completely off-guard!
You hit the wyvern zombie.
Your weapon exudes an aura of protection.
The wyvern zombie is lightly damaged.
The wyvern zombie completely misses you.
The boulder beetle misses you. The wyvern zombie closely misses you.
Casting: Confusing Touch (dangerous; 4% risk of failure)
Confirm with . or Enter, or press ? or * to list all spells.
Your hands begin to glow red.
The boulder beetle bites you!
You die...

▒∙∙∙∙∙■∙∙∙∙∙∙■∙▒▒
▒∙∙∙∙∙▒8∙∙∙∙8▒∙▒
▒∙∙∙∙∙▒▒8)?8▒▒∙▒▒▒▒
▒▒∙∙∙∙∙▒▒▒▒▒▒∙)∙∙∙▒▒ ▒∙∙▒▒▒'▒
▒■▒▒▒∙∙▒ ▒∙▒▒∙∙∙▒▒▒▒▒▒)▒∙▒▒∙▒
▒∙▒∙▒∙▒▒∙▒▒∞▒▒†▒∙▒∙▒ ▒∙▒†▒▒∙▒∙▒
o∙▒▒▒Z▒∙▒▒▒▒▒▒▒▒▒▒▒▒▒▒ ∙∙▒∙▒(▒▒∙▒
▒B∙▒f▒∙∙∙∙∙∙∙▒∙∙∙∙∙∙∙
∙∙▒∙▒▒▒∙)▒▒(▒▒∙▒B▒∙▒▒▒▒▒∙▒▒▒∙▒▒▒▒
∙∙▒▒∙∙∙∙▒▒▒▒∙∙∙∙▒▒∙▒ ▒∙▒ ▒∙▒
∙∙∙▒▒▒▒▒▒∙∙▒▒▒▒▒▒∙∙▒▒▒▒▒∙▒▒▒∙▒▒▒▒


∙∙∙∙∙∙∙∙)∙∙∙∙∙∙∙∙∙∙∙∙∙∙∙∙∙∙∙∙∙∙∙∙ ∙∙▒∙∙∙∙∙∙)∙∙∙■▒▒▒▒▒▒▒▒▒▒∙▒▒▒∙▒▒▒▒
∙<▒∙∙∙∙∙∙∙)∙▒∙▒∙∙∙∙∙∙∙<∙∙∙∙▒∙▒▒▒▒ ∙▒▒∙∙∙∙∙∙∙∙∙▒∙▒∙▒▒▒▒▒∙∙▒∙▒∙∙∙∙∙∙∙
∙▒▒▒'▒▒▒▒▒▒∙▒∙▒∙▒ ▒∙∙∙∙∙∙∙∙▒▒▒▒ You could see a boulder beetle and a wyvern
zombie.

Vanquished Creatures
  A kobold demonologist (D:6)
  A shadow (D:6)
  A water moccasin (D:6)
  An ice beast (D:6)
  2 black bears
  2 ogres (D:4)
  A centaur (D:6)
  2 phantoms
  Blork the orc (D:6)
  2 kobold brigands
  4 scorpions
  An elf zombie (Ossuary)
  A wyvern zombie (D:6)
  2 water moccasin zombies (D:6)
  A jelly (D:6)
  A howler monkey (D:5)
  A centaur zombie (D:6)
  A human zombie (Ossuary)
  An orc priest (D:6)
  4 hounds
  2 iguanas (D:5)
  3 orc wizards (D:6)
  A hound zombie (D:5)
  A hound skeleton (D:5)
  2 mummies (Ossuary)
  4 gnolls (D:5)
  3 adders
  A river rat (D:5)
  A white imp (D:6)
  2 ufetubi (D:6)
  An adder zombie (Ossuary)
  A worm (D:5)
  2 dart slugs (D:1)
  6 orcs
  11 ball pythons
  8 endoplasms
  4 giant cockroaches
  12 hobgoblins
  3 quokkas
  6 bats
  3 frilled lizards
  7 goblins
  A goblin zombie (Ossuary)
  10 hobgoblin zombies (Ossuary)
  3 jackal zombies (Ossuary)
  19 kobolds
  14 kobold zombies (Ossuary)
  4 orc zombies (Ossuary)
  5 rats
  2 rat zombies (Ossuary)
173 creatures vanquished.

Vanquished Creatures (others)
  2 plants
2 creatures vanquished.

Grand Total: 175 creatures vanquished

Notes
Turn   | Place    | Note
-------+----------+-------------------------------------------
     0 | D:1      | Zeor the Vine Stalker Enchanter began the quest for the
                  | Orb.
     0 | D:1      | Reached XP level 1. HP: 9/9 MP: 4/4
    34 | D:1      | Found a faded altar of an unknown god.
   437 | D:1      | Reached skill level 1 in Short Blades
   486 | D:1      | Reached XP level 2. HP: 13/13 MP: 6/6
   493 | D:1      | Learned a level 2 spell: Ensorcelled Hibernation
   539 | D:1      | Reached skill level 4 in Stealth
   847 | D:1      | Reached XP level 3. HP: 16/16 MP: 2/7
   851 | D:1      | Learned a level 3 spell: Confusing Touch
  2025 | D:2      | Gained mutation: Your natural rate of healing is unusually
                  | fast. [Vine Stalker growth]
  2025 | D:2      | Reached XP level 4. HP: 21/21 MP: 4/9
  2072 | D:2      | Learned a level 3 spell: Tukima's Dance
  2133 | D:3      | Found Ucrom Iseutt's Assorted Antiques.
  2139 | D:3      | Bought a scroll labelled OFFEIT QONA for 24 gold pieces
  2139 | D:3      | Bought a scroll of identify for 48 gold pieces
  2139 | D:3      | Bought a murky brown potion for 21 gold pieces
  2174 | D:3      | Found a broken altar of Ashenzari.
  2175 | D:3      | Found an opulent altar of Gozag.
  2175 | D:3      | Found a shimmering blue altar of Sif Muna.
  2177 | D:3      | Found a glowing golden altar of the Shining One.
  2178 | D:3      | Found an ancient bone altar of Kikubaaqudgha.
  2178 | D:3      | Found an ornate altar of the Wu Jian Council.
  2179 | D:3      | Found a shadowy altar of Dithmenos.
  2196 | D:3      | Became a worshipper of the Wu Jian Council
  2366 | D:3      | Found a sacrificial altar of Ru.
  2594 | D:3      | Noticed a water moccasin
  2915 | D:4      | Noticed a scorpion
  2917 | D:4      | Killed a scorpion
  2918 | D:4      | Reached skill level 5 in Stealth
  2918 | D:4      | Reached XP level 5. HP: 24/24 MP: 9/11
  2922 | D:4      | Noticed an ogre
  2945 | D:4      | Killed an ogre
  2946 | D:4      | Reached skill level 1 in Evocations
  3065 | D:4      | Identified the +4 quarterstaff "Zeiquf" {flame, rC+ rN+}
  3129 | D:4      | Reached skill level 1 in Ice Magic
  3129 | D:4      | Reached XP level 6. HP: 29/29 MP: 12/12
  3153 | D:4      | Found a sand-covered staircase.
  3157 | Ossuary  | Entered an ossuary
  3288 | Ossuary  | Reached * piety under Wu Jian
  3481 | D:4      | Noticed a black bear
  3524 | D:4      | Reached XP level 7. HP: 32/32 MP: 9/14
  3527 | D:4      | Reached skill level 6 in Stealth
  3589 | D:4      | Learned a level 3 spell: Dazzling Flash
  3829 | D:5      | Entered Level 5 of the Dungeon
  3942 | D:5      | Reached skill level 1 in Fighting
  3987 | D:5      | Found a glowing drain.
  3992 | Sewer    | Entered a sewer
  4070 | Sewer    | Reached ** piety under Wu Jian
  4455 | D:5      | Gained mutation: You have razor-sharp teeth. [Vine Stalker
                  | growth]
  4455 | D:5      | Reached XP level 8. HP: 37/37 MP: 16/16
  4552 | D:5      | Reached skill level 5 in Spellcasting
  4683 | D:5      | You fall into a shaft and drop 1 floor!
  4705 | D:6      | Noticed Blork the orc
  4718 | D:6      | Killed Blork the orc
  4719 | D:6      | Reached skill level 7 in Stealth
  4866 | D:6      | Found a large runed translucent door.
  4867 | D:6      | Found a large runed translucent door.
  4872 | D:6      | Found a large runed translucent door.
  4872 | D:6      | Found a large runed translucent door.
  4873 | D:6      | Noticed a six-headed hydra
  4970 | D:6      | Identified the +6 morningstar of Circularity {protect,
                  | Will+ MP+9 Dex+10 Stlth+}
  5066 | D:6      | Reached *** piety under Wu Jian
  5090 | D:6      | Reached skill level 1 in Maces & Flails
  5455 | D:6      | Noticed a kobold demonologist
  5458 | D:6      | Killed a kobold demonologist
  5459 | D:6      | Reached XP level 9. HP: 42/42 MP: 16/19
  5793 | D:5      | Learned a level 4 spell: Anguish
  5830 | D:5      | Found a staircase to the Ecumenical Temple.
  6345 | D:6      | Reached skill level 8 in Stealth
  6471 | D:6      | Noticed a boulder beetle
  6476 | D:6      | Slain by a boulder beetle

Illustrated notes

Levels and vault maps discovered:
D:1:      saegor_arrival_simple_b, layout_basic, basic_ecumenical_altar
D:2:      layout_rooms, guppyfry_early_lair_pool
D:3:      layout_loops_corners, lemuel_round_altar, grunt_temple_overflow_open,
          serial_shops, shop
D:4:      layout_loops_ring, enter_ossuary_5
D:5:      layout_loops_ring, minmay_temple_entry_waves, gup_sewer_entry_bowl,
          kb_lookout_dungeons_type, ebering_dispersal_statue_hall,
          serial_bayou_pond_d, dk_noncrumbling_3, minmay_misc_feat_nine_boxes
D:6:      layout_basic, minmay_hollow_rounded_squares, uniq_blork_the_orc

Skill      XL: |  1  2  3  4  5  6  7  8  9 |
---------------+----------------------------+-----
Short Blades   | 1 2 3 4 |  4.2
Stealth        | 4 5 6 7 8 |  8.1
Spellcasting   | 3 4 6 |  6.4
Evocations     | 1 2 3 4 |  4.0
Ice Magic      | 1 2 |  2.1
Dodging        | 2 3 |  3.0
Fighting       | 1 |  1.8
Hexes          | 4 |  4.7
Maces & Flails | 2 3 |  3.1

Action                   |  1- 3 |  4- 6 |  7- 9 || total
-------------------------+-------+-------+-------++-------
Melee: Dagger            |    76 |   130 |   151 ||   357
       Bite              |    12 |    38 |    56 ||   106
       Punch             |       |     2 |     3 ||     5
       Morningstar       |       |       |    50 ||    50
 Cast: Ensorcelled Hiber |    26 |     5 |    38 ||    69
       Confusing Touch   |       |     4 |    18 ||    22
       Tukima's Dance    |       |       |     1 ||     1
Invok: Lunge             |       |    17 |    34 ||    51
       Whirlwind         |       |       |    14 ||    14
  Use: Scroll            |     4 |     5 |    12 ||    21
       Potion            |       |     1 |     3 ||     4
 Stab: Sleeping          |    24 |    12 |    41 ||    77
       Confused          |       |     3 |    13 ||    16
       Invisible         |       |     3 |     1 ||     4
       Distracted        |       |       |     1 ||     1
Armor: Robe              |    16 |    25 |    37 ||    78
Dodge: Dodged            |    36 |    47 |    89 ||   172
